 Dungeon Crawl Stone Soup version 0.29.0-11-gd7f09526c8 (webtiles) character file.

Game seed: 1644960912332464409

12527 robertstho the Brawler (level 11, -2/87 HPs)
             Began as a Vine Stalker Berserker on Sept 2, 2022.
             Was a High Priest of Trog.
             Killed from afar by an electric eel (11 damage)
             ... with a bolt of electricity
             ... on level 1 of the Lair of Beasts.
             The game lasted 00:17:14 (9921 turns).

robertstho the Brawler (Vine Stalker Berserker)     Turns: 9921, Time: 00:17:15

Health: -2/87      AC:  9    Str: 24    XL:     11   Next: 94%
Magic:  0/12       EV: 13    Int:  7    God:    Trog [*****.]
Gold:   639        SH:  0    Dex: 20    Spells: 10/10 levels left

rFire   . . .      SeeInvis .     - Unarmed
rCold   + . .      Faith    .   (no shield)
rNeg    . . .      Spirit   +   w - +0 acid dragon scales
rPois   .          Reflect  .   (no helmet)
rElec   .          Harm     .   l - +0 cloak
rCorr   +          Rampage  .   m - +0 pair of gloves
Will    +....                   (no boots)
Stlth   ..........              (no amulet)
HPRegen 1.04/turn               n - +6 ring of dexterity
MPRegen 0.13/turn               p - ring of protection from cold

@: berserking, slow
A: fangs 3, regeneration 1, magic shield, antimagic bite, no potion heal 2
a: Renounce Religion, Berserk, Trog's Hand, Brothers in Arms


You were on level 1 of the Lair of Beasts.
You worshipped Trog.
Trog was extremely pleased with you.
You visited 2 branches of the dungeon, and saw 11 of its levels.
You also visited: Bailey.

You collected 639 gold pieces.

Inventory:

Hand Weapons
 i - a +3 morningstar of protection
 B - the +8 mithril axe "Arga" {speed, Will+}
   (You found it on level 8 of the Dungeon)

   Attacks with this weapon are significantly faster.
   Will:      It increases your willpower.
Missiles
 D - 5 throwing nets (quivered)
Armour
 k - a +0 plate armour
 l - a +0 cloak (worn)
 m - a +0 pair of gloves (worn)
 w - +0 acid dragon scales (worn)
 y - a +0 chain mail of cold resistance
Jewellery
 n - a +6 ring of dexterity (left hand)
 p - a ring of protection from cold (right hand)
 r - a ring of protection from cold
 I - an amulet of the acrobat
Wands
 s - a wand of flame (58)
 v - a wand of mindburst (16)
 x - a wand of charming (4)
Scrolls
 d - 2 scrolls of silence
 f - 6 scrolls of teleportation
 h - 2 scrolls of poison
 q - a scroll of blinking
 A - 6 scrolls of identify
 C - a scroll of fear
 F - a scroll of noise {unknown}
 G - a scroll of enchant armour {unknown}
 H - a scroll of torment {unknown}
 J - a scroll of butterflies
Potions
 a - 2 potions of mutation {unknown}
 b - 4 potions of might
 c - 5 potions of haste
 e - 2 potions of degeneration {unknown}
 g - 3 potions of cancellation {unknown}
 j - a potion of resistance {unknown}
 o - 5 potions of curing
 t - 3 potions of lignification {unknown}
 u - 3 potions of invisibility {unknown}
 z - a potion of magic {unknown}
 E - a potion of attraction {unknown}


   Skills:
 * Level 7.4 Fighting
 + Level 5.0 Armour
 + Level 3.7 Dodging
 + Level 3.8 Stealth
 * Level 15.4 Unarmed Combat
 + Level 0.6 Evocations


You had 10 spell levels left.
You didn't know any spells.
Your spell library was empty.

Dungeon Overview and Level Annotations

Branches:
Dungeon (10/15)            Temple (0/1) D:6            Lair (1/5) D:9
    Orc (0/2) D:9          Bailey (visited)

Altars:
Ashenzari
Cheibriados
Fedhas
Gozag
Nemelex Xobeh
Okawaru
Uskayaw
The Shining One

Shops:
D:9 =

Annotations:
D:9 735 amulet


Innate Abilities, Weirdness & Mutations

You have razor-sharp teeth.
Your natural rate of healing is unusually fast.
When hurt, damage is shared between your health and your magic reserves.
Your bite disrupts and absorbs the magic of your enemies.
Potions cannot restore your health.


Message History

An electric eel is nearby!
An electric eel is nearby!
A komodo dragon comes into view.
The komodo dragon hisses angrily.
The electric eel shoots out a bolt of lightning at you!
The bolt of electricity hits you!
You enter the shallow water.
Moving in this stuff is going to be slow.
A nearby plant withers and dies.
The komodo dragon closely misses you.
You closely miss the komodo dragon. You punch the komodo dragon.
Your bite misses the komodo dragon.
The komodo dragon is lightly wounded.
The komodo dragon bites you!!
You barely miss the komodo dragon.
The komodo dragon is lightly wounded.
The electric eel shoots out a bolt of lightning at you!
The bolt of electricity hits you!
You are too injured to fight recklessly!
You are too injured to fight recklessly!
A red film seems to cover your vision as you go berserk!
You feel yourself moving faster!
You feel mighty! The komodo dragon closely misses you.
The electric eel shoots out a bolt of lightning at you!
The bolt of electricity hits you!
You punch the komodo dragon!
The komodo dragon is moderately wounded.
The komodo dragon bites you!!
* * * LOW HITPOINT WARNING * * *
You barely miss the komodo dragon.
You punch the komodo dragon, but do no damage.
The komodo dragon is moderately wounded.
The electric eel shoots out a bolt of lightning at you!
The bolt of electricity hits you.
* * * LOW HITPOINT WARNING * * *
Your unstable footing causes you to fumble your attack.
The komodo dragon barely misses you.
Your unstable footing causes you to fumble your attack.
The electric eel shoots out a bolt of lightning at you!
The bolt of electricity hits you!
You die...

≈≈≈≈P~~P~~..#
≈≈≈~~P~~PP..#
≈≈≈≈≈~~~....#
≈≈≈≈≈~~~P...# ...
≈≈≈≈~~~P~...##...
≈≈~~~S~~~P.......
~~~~~~~lP.......
♣PP~~~@~P.....#
♣♣♣........###
♣........P#
#.[.....### ...
#......## ...
##......#### ...
#P.......#.########...
##...................>
#....................


You could see a komodo dragon and an electric eel.

Vanquished Creatures
  Harold (D:9)
  A death yak (D:9)
  An orange crystal statue (D:9)
  An orc knight (Bailey)
  An oklob plant (Lair:1)
  A gargoyle (D:10)
  Maggie (D:6)
  Psyche (D:8)
  A kobold demonologist (D:10)
  3 trolls
  3 blink frogs (Lair:1)
  12 yaks
  A vampire (D:10)
  Eustachio (D:5)
  A shadow (D:9)
  A wyvern (D:9)
  Grum (D:8)
  A basilisk (D:9)
  2 vampire mosquitoes (D:10)
  2 steam dragons
  A two-headed ogre zombie (D:9)
  2 water moccasins
  Duvessa (D:6)
  2 orc warriors
  A sky beast (D:7)
  2 black bears
  An ice beast (D:6)
  A centaur (D:10)
  4 wolves (D:8)
  3 phantoms
  3 kobold brigands
  3 necrophages
  The ghost of BoneyBoi1234 the Shooter, an amateur SpHu (D:3)
  3 scorpions
  4 bullfrogs
  3 wights (D:9)
  2 troll zombies (D:9)
  Dowan (D:6)
  13 killer bees
  5 howler monkeys
  4 quasits (D:3)
  6 orc priests
  3 hounds
  Crazy Yiuf (D:2)
  2 iguanas (D:6)
  4 orc wizards
  5 ogre zombies (D:9)
  A mummy (D:3)
  9 gnolls
  8 adders
  4 shadow imps
  A white imp (D:8)
  An ufetubus (D:6)
  A worm (D:3)
  A dart slug (D:1)
  39 orcs
  3 bats (D:1)
  7 endoplasms
  5 giant cockroaches (D:1)
  9 goblins
  5 hobgoblins
  6 jackals (D:1)
  19 kobolds
  2 quokkas
  7 ball pythons
  6 frilled lizards
  A goblin skeleton (D:9)
  2 goblin zombies (D:9)
  2 hobgoblin skeletons (D:9)
  3 orc skeletons (D:9)
  17 orc zombies (D:9)
  8 rats
285 creatures vanquished.

Vanquished Creatures (collateral kills)
  2 gnolls (Bailey)
  3 orcs (Bailey)
5 creatures vanquished.

Vanquished Creatures (others)
  A demonic plant (D:1)
  A fungus (Lair:1)
  5 plants
7 creatures vanquished.

Grand Total: 297 creatures vanquished

Notes
Turn   | Place    | Note
-------+----------+-------------------------------------------
     0 | D:1      | robertstho the Vine Stalker Berserker began the quest for
                  | the Orb.
     0 | D:1      | Reached XP level 1. HP: 11/11 MP: 2/2
     1 | D:1      | Found a runed translucent door.
   280 | D:1      | Reached XP level 2. HP: 16/16 MP: 3/3
   575 | D:1      | You fall into a shaft and drop 1 floor!
   882 | D:1      | Found a faded altar of an unknown god.
   882 | D:1      | Noticed a ynoxinul
   938 | D:1      | Reached XP level 3. HP: 17/20 MP: 2/4
  1260 | D:1      | Reached ** piety under Trog
  1524 | D:2      | HP: 1/20 [poisoned by an adder]
  1848 | D:2      | Gained mutation: Your natural rate of healing is unusually
                  | fast. [Vine Stalker growth]
  1848 | D:2      | Reached XP level 4. HP: 24/24 MP: 5/5
  2072 | D:2      | Found a runed translucent door.
  2073 | D:2      | Noticed Crazy Yiuf
  2212 | D:2      | Reached skill level 4 in Unarmed Combat
  2402 | D:2      | Killed Crazy Yiuf
  2585 | D:3      | Found a transporter.
  2586 | D:3      | Noticed BoneyBoi1234's ghost (amateur SpHu)
  2684 | D:3      | Found a transporter.
  2773 | D:3      | Found a blossoming altar of Fedhas.
  3125 | D:3      | Found a snail-covered altar of Cheibriados.
  3136 | D:3      | Reached XP level 5. HP: 19/28 MP: 4/6
  3508 | D:3      | Killed BoneyBoi1234's ghost
  3509 | D:3      | Reached skill level 5 in Unarmed Combat
  3509 | D:3      | Reached XP level 6. HP: 32/32 MP: 2/7
  3743 | D:4      | Noticed a black bear
  3747 | D:4      | Killed a black bear
  3748 | D:4      | Reached skill level 6 in Unarmed Combat
  3913 | D:4      | Reached XP level 7. HP: 37/37 MP: 8/8
  4237 | D:5      | Entered Level 5 of the Dungeon
  4353 | D:5      | Reached skill level 7 in Unarmed Combat
  4425 | D:5      | Reached skill level 1 in Stealth
  4425 | D:5      | Gained mutation: You have razor-sharp teeth. [Vine Stalker
                  | growth]
  4425 | D:5      | Reached XP level 8. HP: 42/42 MP: 9/9
  4472 | D:5      | Found a transporter.
  4556 | D:5      | Found a transporter.
  4730 | D:5      | Reached skill level 8 in Unarmed Combat
  4732 | D:5      | Reached *** piety under Trog
  4823 | D:5      | Noticed Eustachio
  4873 | D:5      | Killed Eustachio
  4984 | D:5      | Reached skill level 5 in Fighting
  5154 | D:6      | Noticed Dowan
  5156 | D:6      | Reached skill level 9 in Unarmed Combat
  5163 | D:6      | Reached XP level 9. HP: 47/47 MP: 8/10
  5183 | D:6      | Killed Dowan
  5269 | D:6      | Reached skill level 10 in Unarmed Combat
  5416 | D:6      | Noticed Duvessa
  5423 | D:6      | Killed Duvessa
  5618 | D:6      | Found a broken altar of Ashenzari.
  5623 | D:6      | Saw a vision of the Swamp and the Spider Nest.
  5623 | D:6      | Noticed a tyrant leech
  5623 | D:6      | Noticed a spriggan druid
  5623 | D:6      | Noticed a tarantella
  5623 | D:6      | Noticed a moth of wrath
  5623 | D:6      | Noticed a tarantella
  5623 | D:6      | Noticed a bog body
  5624 | D:6      | Noticed a tarantella
  5624 | D:6      | Noticed a wolf spider
  5624 | D:6      | Noticed a six-headed hydra
  5624 | D:6      | Noticed a will-o-the-wisp
  5625 | D:6      | Noticed a bog body
  5625 | D:6      | Noticed a demonic crawler
  5626 | D:6      | Noticed a boulder beetle
  5626 | D:6      | Noticed a pharaoh ant
  5626 | D:6      | Noticed a tarantella
  5637 | D:6      | Noticed Maggie
  5649 | D:6      | Killed Maggie
  5984 | D:6      | Found a staircase to the Ecumenical Temple.
  6038 | D:7      | Reached skill level 11 in Unarmed Combat
  6094 | D:7      | Reached XP level 10. HP: 43/53 MP: 9/11
  6240 | D:7      | Found a flagged portal.
  6264 | Bailey   | Entered a bailey
  6405 | Bailey   | Reached **** piety under Trog
  6410 | Bailey   | Noticed an orc knight
  6426 | Bailey   | Killed an orc knight
  6427 | Bailey   | Reached skill level 12 in Unarmed Combat
  6649 | D:7      | Found a sparkling altar of Nemelex Xobeh.
  6869 | D:8      | Noticed Psyche
  6874 | D:8      | Killed Psyche
  7055 | D:8      | Found the +8 mithril axe "Arga" {speed, Will+}
  7492 | D:8      | Noticed Grum
  7502 | D:8      | Killed Grum
  7982 | D:9      | Found a glowing golden altar of the Shining One.
  8102 | D:9      | Found a staircase to the Orcish Mines.
  8122 | D:9      | Reached skill level 13 in Unarmed Combat
  8136 | D:9      | Reached ***** piety under Trog
  8194 | D:9      | Found a hide-covered altar of Uskayaw.
  8212 | D:9      | Noticed an orange crystal statue
  8297 | D:9      | Found Xaothoul's Jewellery Shop.
  8365 | D:9      | Noticed Harold
  8378 | D:9      | Killed Harold
  8379 | D:9      | Reached XP level 11. HP: 27/58 MP: 10/12
  8487 | D:9      | Noticed a death yak
  8499 | D:9      | Killed a death yak
  8503 | D:9      | Reached skill level 14 in Unarmed Combat
  8551 | D:9      | Found a staircase to the Lair.
  8873 | D:9      | Killed an orange crystal statue
  8970 | D:10     | Entered Level 10 of the Dungeon
  9186 | D:10     | Found an opulent altar of Gozag.
  9383 | D:10     | Found an iron altar of Okawaru.
  9658 | Lair:1   | Entered Level 1 of the Lair of Beasts
  9658 | Lair:1   | Noticed an oklob plant
  9667 | Lair:1   | Killed an oklob plant
  9677 | Lair:1   | Reached skill level 15 in Unarmed Combat
  9696 | Lair:1   | Reached skill level 5 in Armour
  9921 | Lair:1   | Killed from afar by an electric eel

Illustrated notes

Levels and vault maps discovered:
D:1:      dpeg_arrival_caged_fury, layout_basic,
          dreamdust_ecumenical_altar_sealed_demon
D:2:      layout_basic, minmay_box_of_dots, uniq_crazy_yiuf_cottage
D:3:      layout_basic, nicolae_overflow_hidden_temple, slow_altar_2,
          gammafunk_ghost_stat_death
D:4:      layout_loops_ring
D:5:      gammafunk_wand_slinger, layout_loops_ring, uniq_eustachio
D:6:      layout_cave_pools, grunt_ashenzari_visionary
          [grunt_ashenzari_visionary_swamp, grunt_ashenzari_visionary_spider],
          minmay_temple_entry_poolview, uniq_maggie, uniq_duvessa
D:7:      layout_rooms, nemelex_spade_bored_becter,
          lightli_bailey_entry_fortress, corexii_corridor_pit
D:8:      layout_basic, uniq_grum, uniq_psyche
D:9:      layout_long_grid, nicolae_uskayaw_suspiria, tso_metal_star,
          david_lair_generic, zombieorc2_lemuel,
          hangedman_abyss_or_decor_passed, nicolae_stop_n_shop_2,
          serial_park_tiny_2, minivault_16, kennysheep_minor_cross, uniq_harold
D:10:     layout_roguey, mainiacjoe_overflow_six_doors_small,
          lemuel_doored_altar
Lair:1:   layout_chaotic_city, dpeg_stationary_puzzle, serial_bayou_shore_a

Skill      XL: |  1  2  3  4  5  6  7  8  9 10 11 |
---------------+----------------------------------+-----
Fighting       | 3 4 5 6 7 |  7.4
Dodging        | 2 3 |  3.7
Unarmed Combat | 4 5 6 7 9 11 13 15 | 15.4
Armour         | 2 3 4 5 |  5.0
Stealth        | 1 3 |  3.8
Evocations     | |  0.6

Action                   |  1- 3 |  4- 6 |  7- 9 | 10-12 || total
-------------------------+-------+-------+-------+-------++-------
Melee: Unarmed           |   102 |    92 |   270 |   336 ||   800
       Bite              |    16 |    16 |    75 |    96 ||   203
       Punch             |     1 |     3 |    10 |    29 ||    43
Invok: Berserk           |     2 |     3 |     8 |    11 ||    24
       Trog's Hand       |     1 |       |       |     1 ||     2
       Brothers in Arms  |       |       |       |     1 ||     1
Evoke: Wand              |       |       |     3 |     4 ||     7
  Use: Potion            |     2 |     1 |     1 |       ||     4
       Scroll            |       |     3 |     3 |     7 ||    13
 Stab: Sleeping          |     1 |       |       |     6 ||     7
       Invisible         |       |       |       |     1 ||     1
Armor: Animal skin       |    22 |     1 |       |       ||    23
       Plate armour      |       |   145 |   127 |       ||   272
       Ring mail         |       |     1 |       |       ||     1
       Acid dragon scale |       |       |    18 |    85 ||   103
       Skin              |       |       |       |    11 ||    11
Dodge: Dodged            |    62 |    59 |    91 |   215 ||   427
